AoeStats
← yotipic

Coastal Forest

503178671Analyzed
2v2 RM · 11d ago on Aug 30, 2026· 36m 6s· 4 players
Game mode
Random Map
Map size
Medium (4 player)
Population
200
Speed
Normal
Resources
Standard
Victory
Conquest
Starting age
Dark Age
Ending age
Imperial Age
RankedLock teamsTeams togetherTeam positionsShared explorationLock speedFull tech treeHidden civsTurbo modeCheats
Victory
Defeat
🇫🇷 Mongols · France
1101
+15
🇦🇷 Lithuanians · Argentina
1090
+16
🇮🇹 Vikings · Italy
1094
-16
🇸🇪 Spanish · Sweden
1074
-27
TMK
3:13 Loom
11:53 Feudal Age
12:29 Double-Bit Axe
12:25 Horse Collar
15:39 Wheelbarrow
18:57 Fletching
21:04 Bloodlines
21:16 Scale Barding Armor
25:49 Castle Age
25:51 Forging
26:22 Light Cavalry
28:15 Husbandry
28:39 Chain Barding Armor
32:05 Iron Casting
33:38 Gold Mining
33:59 Town Watch
35:14 Ballistics
34:58 Pikeman
yotipic
2:58 Loom
10:38 Feudal Age
11:26 Double-Bit Axe
19:34 Castle Age
20:10 Man-at-Arms
20:45 Gold Mining
21:16 Bow Saw
23:16 Scale Mail Armor
29:11 Gambesons
29:23 Horse Collar
33:42 Fletching
JCVD
10:16 Feudal Age
11:37 Double-Bit Axe
13:17 Wheelbarrow
15:46 Horse Collar
17:16 Stone Mining
19:12 Bloodlines
19:58 Scale Barding Armor
21:31 Forging
23:09 Gold Mining
27:46 Castle Age
29:17 Husbandry
29:45 Chain Barding Armor
30:01 Iron Casting
31:28 Hand Cart
31:40 Light Cavalry
35:16 Gold Shaft Mining
34:44 Heavy Plow
38:48 Imperial Age
zizu
6:40 Loom
9:07 Feudal Age
12:04 Double-Bit Axe
13:26 Horse Collar
16:26 Fletching
17:32 Padded Archer Armor
22:12 Castle Age
21:39 Bloodlines
22:27 Forging
22:33 Gold Mining
22:15 Crossbowman
23:20 Bodkin Arrow
24:04 Town Watch
26:22 Bow Saw
27:52 Wheelbarrow
27:18 Heavy Plow
31:46 Ballistics
34:44 Imperial Age
35:17 Leather Archer Armor
35:39 Iron Casting
35:15 Scale Barding Armor
36:27 Two-Man Saw
35:40 Husbandry
37:26 Chemistry
Connection lost

Rejoining the realm…

Still unreachable

The connection could not be restored.

Session expired

The server has moved on; the page needs a fresh start.